[ AOE2 MATCH · #462642776 ]
Team RMSpanish vs Khmer
[ REPLAY ANALYSIS · EXTRACTED FROM THE RECORDED GAME ]
Feudal
8:35
Castle
12:30
Imperial
—
| APM avg | 42.7 |
| APM peak | 96 |
| eAPM avg | 15.8 |
| Villagers / military | 62 / 30 |
Focus
⚔️ 28.2% · 🌾 71.8%
Conquistador ×28 · Petard ×2
Feudal
8:26
Castle
11:12
Imperial
—
| APM avg | 26.8 |
| APM peak | 55 |
| eAPM avg | 18.4 |
| Villagers / military | 131 / 15 |
Focus
⚔️ 18.0% · 🌾 82.0%
Battle Elephant ×10 · Scout Cavalry ×4 · Monk ×1
Feudal
7:41
Castle
11:23
Imperial
—
| APM avg | 36.2 |
| APM peak | 105 |
| eAPM avg | 17.6 |
| Villagers / military | 52 / 37 |
Focus
⚔️ 29.3% · 🌾 70.7%
Armored Elephant ×24 · Monk ×13
Feudal
7:42
Castle
11:14
Imperial
—
| APM avg | 33.6 |
| APM peak | 79 |
| eAPM avg | 22.4 |
| Villagers / military | 75 / 40 |
Focus
⚔️ 39.0% · 🌾 61.0%
Samurai ×23 · Scorpion ×7 · Cavalry Archer ×7 · Battering Ram ×3
Feudal
8:59
Castle
12:54
Imperial
—
| APM avg | 34.8 |
| APM peak | 61 |
| eAPM avg | 19.7 |
| Villagers / military | 72 / 24 |
Focus
⚔️ 23.9% · 🌾 76.1%
Woad Raider ×16 · Battering Ram ×7 · Mangonel ×1
Feudal
10:45
Castle
14:27
Imperial
24:51
| APM avg | 28.2 |
| APM peak | 60 |
| eAPM avg | 16.9 |
| Villagers / military | 30 / 23 |
Focus
⚔️ 21.3% · 🌾 78.7%
Genoese Crossbowman ×19 · Archer ×4
Feudal
8:52
Castle
12:24
Imperial
—
| APM avg | 44.9 |
| APM peak | 84 |
| eAPM avg | 22.3 |
| Villagers / military | 83 / 59 |
Focus
⚔️ 34.0% · 🌾 66.0%
Keshik ×32 · Cavalry Archer ×26 · Monk ×1
Feudal
8:27
Castle
12:22
Imperial
—
| APM avg | 49.4 |
| APM peak | 118 |
| eAPM avg | 22.4 |
| Villagers / military | 36 / 63 |
Focus
⚔️ 39.9% · 🌾 60.1%
Mangudai ×63
Match map
Resources at game start + every placement click. Thick line = wall · dashed box = detected house wall. 🟡 gold · ⚪ stone · 🟢 berries · 🔶 boar · ⭕ relic
Inputs per minute
— Mceffe - - Milky Loong
Build order — Mceffe
133 actions detected in the replay
| 0:02 | Create | Villager (Male) |
| 0:02 | Create | Villager (Male) ×4 |
| 0:12 | Build | Lumber Camp |
| 0:54 | Build | Outpost |
| 1:08 | Build | Mill |
| 1:22 | Create | Villager (Male) |
| 1:46 | Create | Villager (Male) |
| 1:47 | Create | Villager (Male) |
| 2:27 | Create | Villager (Male) |
| 3:05 | Create | Villager (Male) |
| 3:05 | Create | Villager (Male) |
| 3:28 | Create | Villager (Male) |
| 3:29 | Create | Villager (Male) |
| 3:29 | Create | Villager (Male) |
| 4:01 | Create | Villager (Male) |
| 4:22 | Create | Villager (Male) |
| 5:12 | Build | Farm |
| 5:14 | Build | Farm |
| 5:18 | Build | Farm |
| 5:20 | Build | Lumber Camp |
| 5:26 | Create | Villager (Male) |
| 5:26 | Create | Villager (Male) |
| 5:33 | Build | Mining Camp |
| 5:36 | Build | Mining Camp |
| 6:00 | Research | Feudal Age |
| 6:41 | Create | Villager (Male) |
| 6:42 | Create | Villager (Male) |
| 6:46 | Research | Loom |
| 8:35 | Age | Feudal Age |
| 8:38 | Build | Market |
| 8:40 | Build | Blacksmith |
| 9:44 | Research | Castle Age |
| 10:46 | Research | Padded Archer Armor |
| 10:48 | Research | Double-Bit Axe |
| 10:55 | Build | Stable |
| 10:56 | Research | Horse Collar |
| 11:38 | Research | Bloodlines |
| 12:30 | Age | Castle Age |
| 12:32 | Create | Petard |
| 12:32 | Create | Petard |
| 12:34 | Create | Conquistador ×2 |
| 12:37 | Create | Villager (Male) |
| 12:48 | Build | Town Center |
| 12:58 | Create | Villager (Male) |
| 13:09 | Create | Conquistador ×2 |
| 13:13 | Create | Villager (Male) |
| 13:58 | Create | Villager (Male) |
| 13:58 | Create | Villager (Male) |
| 13:58 | Create | Villager (Male) |
| 14:41 | Create | Conquistador |
| 14:46 | Create | Villager (Male) |
| 14:47 | Create | Villager (Male) |
| 14:48 | Build | Farm |
| 15:13 | Create | Villager (Male) |
| 15:14 | Create | Villager (Male) |
| 15:14 | Create | Villager (Male) |
| 15:31 | Build | Farm |
| 15:40 | Create | Conquistador |
| 15:41 | Create | Conquistador |
| 15:41 | Create | Conquistador |
| 15:44 | Create | Conquistador |
| 15:50 | Build | Farm |
| 16:18 | Create | Conquistador |
| 16:18 | Create | Conquistador |
| 16:20 | Create | Villager (Male) |
| 16:21 | Create | Villager (Male) |
| 16:21 | Create | Villager (Male) |
| 16:31 | Create | Villager (Male) |
| 16:35 | Build | House |
| 16:37 | Build | House |
| 16:37 | Build | House |
| 16:37 | Build | House |
| 16:37 | Build | House |
| 16:50 | Create | Villager (Male) |
| 17:00 | Research | Husbandry |
| 17:00 | Research | Husbandry |
| 17:22 | Create | Conquistador |
| 17:23 | Create | Conquistador |
| 17:40 | Create | Conquistador |
| 17:40 | Create | Conquistador |
| 18:19 | Create | Villager (Male) |
| 18:19 | Create | Villager (Male) |
| 19:04 | Create | Villager (Male) |
| 19:04 | Create | Villager (Male) |
| 19:05 | Create | Villager (Male) |
| 19:21 | Create | Conquistador |
| 19:21 | Create | Conquistador |
| 19:28 | Build | Farm |
| 19:28 | Build | Farm |
| 19:28 | Build | Farm |
| 20:30 | Build | Farm |
| 20:30 | Create | Villager (Male) |
| 20:31 | Create | Villager (Male) |
| 20:31 | Create | Villager (Male) |
| 20:37 | Create | Conquistador |
| 20:38 | Create | Conquistador |
| 20:43 | Create | Villager (Male) |
| 20:43 | Create | Villager (Male) |
| 20:50 | Create | Conquistador |
| 20:50 | Create | Conquistador |
| 20:59 | Research | Leather Archer Armor |
| 21:53 | Create | Conquistador |
| 21:53 | Create | Conquistador |
| 21:54 | Create | Villager (Male) |
| 21:54 | Create | Villager (Male) |
| 21:55 | Create | Villager (Male) |
| 21:55 | Create | Villager (Male) |
| 22:16 | Create | Conquistador |
| 22:16 | Create | Conquistador |
| 22:16 | Create | Villager (Male) |
| 22:17 | Create | Villager (Male) |
| 22:35 | Create | Conquistador |
| 22:39 | Create | Villager (Male) |
| 22:39 | Create | Villager (Male) |
| 22:39 | Create | Villager (Male) |
| 23:28 | Create | Conquistador |
| 23:29 | Create | Conquistador |
| 23:29 | Create | Villager (Male) |
| 23:29 | Create | Villager (Male) |
| 23:30 | Create | Villager (Male) |
| 23:30 | Create | Villager (Male) |
| 23:33 | Build | House |
| 23:33 | Build | House |
| 23:34 | Build | House |
| 23:34 | Build | House |
| 23:34 | Build | House |
| 23:34 | Build | House |
| 23:34 | Build | House |
| 23:35 | Build | House |
| 23:35 | Build | House |
| 24:47 | Create | Villager (Male) |
| 24:48 | Create | Villager (Male) |
| 24:48 | Create | Villager (Male) |
Build order — Milky Loong
First 150 of 262 actions detected
| 0:00 | Create | Villager (Male) |
| 0:00 | Create | Villager (Male) |
| 0:09 | Build | Lumber Camp |
| 0:22 | Build | Mill |
| 0:29 | Create | Villager (Male) |
| 0:32 | Create | Villager (Male) |
| 1:04 | Create | Villager (Male) |
| 1:05 | Create | Villager (Male) |
| 1:05 | Create | Villager (Male) |
| 1:47 | Create | Villager (Male) |
| 2:27 | Create | Villager (Male) |
| 2:37 | Create | Villager (Male) |
| 2:38 | Create | Villager (Male) |
| 2:38 | Create | Villager (Male) |
| 2:39 | Create | Villager (Male) |
| 2:51 | Create | Villager (Male) |
| 2:52 | Create | Villager (Male) |
| 3:03 | Create | Villager (Male) |
| 3:21 | Create | Villager (Male) |
| 3:22 | Create | Villager (Male) |
| 3:37 | Create | Villager (Male) |
| 4:02 | Create | Villager (Male) |
| 4:28 | Create | Villager (Male) |
| 4:40 | Build | Farm |
| 4:44 | Build | Farm |
| 4:56 | Build | Farm |
| 5:09 | Create | Villager (Male) |
| 5:09 | Create | Villager (Male) |
| 5:11 | Create | Villager (Male) |
| 5:12 | Create | Villager (Male) |
| 5:38 | Build | Mining Camp |
| 5:58 | Research | Feudal Age |
| 8:26 | Age | Feudal Age |
| 8:32 | Research | Castle Age |
| 10:05 | Research | Double-Bit Axe |
| 10:07 | Research | Horse Collar |
| 10:17 | Build | Lumber Camp |
| 10:28 | Create | Villager (Male) |
| 11:12 | Age | Castle Age |
| 11:15 | Build | Town Center |
| 11:16 | Create | Villager (Male) |
| 12:01 | Build | Town Center |
| 12:02 | Create | Villager (Male) |
| 12:13 | Research | Bow Saw |
| 12:16 | Create | Villager (Male) |
| 12:22 | Build | Farm |
| 12:27 | Create | Villager (Male) |
| 12:28 | Create | Villager (Male) |
| 12:29 | Create | Villager (Male) |
| 12:30 | Create | Villager (Male) |
| 12:30 | Create | Villager (Male) |
| 12:43 | Create | Villager (Male) |
| 12:44 | Build | Farm |
| 12:47 | Create | Villager (Male) |
| 13:00 | Create | Villager (Male) |
| 13:03 | Build | Farm |
| 13:14 | Build | Farm |
| 13:16 | Create | Villager (Male) |
| 13:23 | Build | Farm |
| 13:29 | Build | Farm |
| 13:33 | Create | Villager (Male) |
| 13:37 | Build | Farm |
| 13:49 | Create | Villager (Male) |
| 13:58 | Build | Farm |
| 14:00 | Build | Farm |
| 14:03 | Create | Villager (Male) |
| 14:13 | Build | House |
| 14:13 | Research | Loom |
| 14:14 | Create | Villager (Male) |
| 14:18 | Build | Farm |
| 14:27 | Build | Farm |
| 14:29 | Build | Farm |
| 14:31 | Create | Villager (Male) |
| 14:35 | Build | Farm |
| 14:37 | Create | Villager (Male) |
| 14:37 | Create | Villager (Male) |
| 14:41 | Build | Farm |
| 14:49 | Create | Villager (Male) |
| 14:55 | Build | Farm |
| 14:55 | Create | Villager (Male) |
| 15:06 | Create | Villager (Male) |
| 15:11 | Build | Farm |
| 15:12 | Create | Villager (Male) |
| 15:23 | Create | Villager (Male) |
| 15:35 | Build | Town Center |
| 15:36 | Create | Villager (Male) |
| 15:39 | Create | Villager (Male) |
| 15:42 | Create | Villager (Male) |
| 15:45 | Build | House |
| 15:50 | Create | Villager (Male) |
| 15:58 | Build | Farm |
| 16:01 | Build | Farm |
| 16:02 | Create | Villager (Male) |
| 16:04 | Build | Farm |
| 16:05 | Create | Villager (Male) |
| 16:07 | Build | Farm |
| 16:15 | Build | House |
| 16:18 | Build | House |
| 16:19 | Create | Villager (Male) |
| 16:23 | Build | Farm |
| 16:35 | Research | Wheelbarrow |
| 16:47 | Build | Farm |
| 16:57 | Create | Villager (Male) |
| 17:01 | Create | Villager (Male) |
| 17:03 | Create | Villager (Male) |
| 17:15 | Create | Villager (Male) |
| 17:24 | Build | House |
| 17:25 | Create | Villager (Male) |
| 17:27 | Build | Farm |
| 17:34 | Build | Stable |
| 17:38 | Build | Farm |
| 17:40 | Build | Farm |
| 17:43 | Build | Farm |
| 17:46 | Create | Villager (Male) |
| 17:48 | Build | Farm |
| 17:48 | Create | Villager (Male) |
| 17:49 | Create | Villager (Male) |
| 17:49 | Create | Villager (Male) |
| 17:51 | Research | Gold Mining |
| 17:54 | Build | House |
| 17:56 | Create | Villager (Male) |
| 18:00 | Build | Farm |
| 18:11 | Create | Villager (Male) |
| 18:12 | Create | Villager (Male) |
| 18:22 | Create | Villager (Male) |
| 18:24 | Build | Farm |
| 18:25 | Create | Villager (Male) |
| 18:28 | Build | House |
| 18:28 | Create | Villager (Male) |
| 18:33 | Create | Villager (Male) |
| 18:45 | Build | Town Center |
| 18:46 | Create | Villager (Male) |
| 18:50 | Build | Farm |
| 18:54 | Create | Villager (Male) |
| 18:58 | Create | Villager (Male) |
| 19:02 | Create | Villager (Male) |
| 19:04 | Research | Heavy Plow |
| 19:08 | Create | Villager (Male) |
| 19:10 | Create | Villager (Male) |
| 19:10 | Create | Villager (Male) |
| 19:17 | Build | House |
| 19:18 | Create | Villager (Male) |
| 19:26 | Create | Villager (Male) |
| 19:34 | Build | House |
| 19:36 | Create | Villager (Male) |
| 19:38 | Build | Mining Camp |
| 19:39 | Create | Villager (Male) |
| 19:44 | Build | Lumber Camp |
| 19:49 | Create | Villager (Male) |
| 19:55 | Build | Farm |
Build order — Twidboy
First 150 of 163 actions detected
| 0:06 | Build | Lumber Camp |
| 0:06 | Create | Villager (Male) |
| 0:06 | Create | Villager (Male) |
| 0:10 | Create | Villager (Male) |
| 0:14 | Build | Mill |
| 0:17 | Create | Villager (Male) |
| 0:17 | Create | Villager (Male) |
| 1:07 | Create | Villager (Male) |
| 1:07 | Create | Villager (Male) |
| 1:59 | Create | Villager (Male) |
| 2:00 | Create | Villager (Male) |
| 2:03 | Create | Villager (Male) |
| 2:04 | Create | Villager (Male) |
| 2:04 | Create | Villager (Male) |
| 2:55 | Create | Villager (Male) |
| 2:55 | Create | Villager (Male) |
| 2:55 | Create | Villager (Male) |
| 2:55 | Create | Villager (Male) |
| 4:10 | Build | Farm |
| 4:12 | Build | Farm |
| 4:22 | Build | Farm |
| 4:25 | Create | Villager (Male) |
| 4:41 | Build | Farm |
| 4:55 | Create | Villager (Male) |
| 5:20 | Build | Mining Camp |
| 5:23 | Research | Feudal Age |
| 5:23 | Research | Feudal Age |
| 7:01 | Create | Villager (Male) |
| 7:01 | Create | Villager (Male) |
| 7:41 | Age | Feudal Age |
| 7:50 | Build | Blacksmith |
| 7:56 | Build | Market |
| 8:43 | Research | Castle Age |
| 9:23 | Research | Double-Bit Axe |
| 9:24 | Research | Double-Bit Axe |
| 9:24 | Research | Horse Collar |
| 9:27 | Research | Gold Mining |
| 9:27 | Research | Gold Mining |
| 10:24 | Create | Villager (Male) |
| 10:24 | Create | Villager (Male) |
| 11:23 | Age | Castle Age |
| 11:25 | Build | Monastery |
| 11:38 | Build | Siege Workshop |
| 11:52 | Create | Villager (Male) |
| 11:54 | Research | Bow Saw |
| 11:55 | Research | Bow Saw |
| 12:06 | Create | Monk |
| 12:07 | Research | Fervor |
| 12:09 | Research | Sanctity |
| 12:31 | Build | Farm |
| 12:31 | Build | Farm |
| 12:33 | Create | Villager (Male) |
| 12:42 | Create | Villager (Male) |
| 12:51 | Create | Armored Elephant |
| 12:56 | Build | House |
| 12:58 | Create | Armored Elephant |
| 13:02 | Build | Farm |
| 13:04 | Create | Villager (Male) |
| 13:15 | Build | Farm |
| 13:16 | Build | Farm |
| 13:33 | Build | House |
| 13:46 | Create | Armored Elephant |
| 13:47 | Create | Villager (Male) |
| 13:55 | Research | Loom |
| 14:03 | Build | Farm |
| 14:15 | Build | Farm |
| 14:18 | Create | Villager (Male) |
| 14:34 | Build | Farm |
| 14:49 | Research | Redemption |
| 14:55 | Create | Armored Elephant |
| 14:55 | Create | Armored Elephant |
| 14:59 | Build | Farm |
| 15:10 | Create | Monk |
| 15:14 | Build | House |
| 15:19 | Build | Farm |
| 15:21 | Create | Villager (Male) |
| 15:25 | Build | Farm |
| 15:50 | Create | Villager (Male) |
| 16:01 | Build | Monastery |
| 16:11 | Create | Armored Elephant |
| 16:26 | Create | Monk |
| 16:31 | Create | Villager (Male) |
| 16:49 | Build | Farm |
| 16:57 | Create | Monk |
| 16:57 | Create | Monk |
| 16:58 | Create | Villager (Male) |
| 17:15 | Create | Monk |
| 17:17 | Create | Villager (Male) |
| 17:17 | Create | Villager (Male) |
| 17:24 | Create | Monk |
| 17:25 | Create | Monk |
| 18:12 | Create | Villager (Male) |
| 18:12 | Create | Villager (Male) |
| 18:15 | Create | Armored Elephant |
| 18:53 | Create | Armored Elephant |
| 18:53 | Create | Armored Elephant |
| 18:56 | Build | Siege Workshop |
| 19:03 | Create | Villager (Male) |
| 19:06 | Build | Farm |
| 19:06 | Build | Farm |
| 19:07 | Build | Farm |
| 19:07 | Build | Farm |
| 19:07 | Build | Farm |
| 19:07 | Build | Farm |
| 19:08 | Build | Farm |
| 19:11 | Build | Lumber Camp |
| 19:41 | Create | Armored Elephant |
| 19:42 | Create | Villager (Male) |
| 20:05 | Create | Armored Elephant |
| 20:05 | Create | Armored Elephant |
| 20:10 | Build | Farm |
| 20:10 | Build | Farm |
| 20:11 | Build | Farm |
| 20:11 | Build | Farm |
| 20:11 | Build | Farm |
| 20:11 | Build | Farm |
| 20:23 | Create | Villager (Male) |
| 20:31 | Create | Armored Elephant |
| 20:31 | Create | Armored Elephant |
| 20:35 | Build | Farm |
| 20:35 | Build | Farm |
| 20:35 | Build | Farm |
| 20:35 | Build | Farm |
| 20:36 | Build | Farm |
| 20:53 | Create | Villager (Male) |
| 20:57 | Create | Monk |
| 20:57 | Create | Monk |
| 20:57 | Create | Monk |
| 21:00 | Build | House |
| 21:01 | Build | House |
| 21:14 | Research | Scale Barding Armor |
| 21:14 | Research | Scale Barding Armor |
| 21:17 | Build | House |
| 21:18 | Build | House |
| 21:34 | Build | Stable |
| 22:12 | Create | Armored Elephant |
| 22:12 | Create | Armored Elephant |
| 22:12 | Create | Armored Elephant |
| 22:25 | Create | Villager (Male) |
| 22:26 | Build | House |
| 22:32 | Create | Armored Elephant |
| 22:48 | Create | Villager (Male) |
| 22:52 | Build | Town Center |
| 23:00 | Create | Armored Elephant |
| 23:03 | Create | Villager (Male) |
| 23:16 | Build | House |
| 23:16 | Build | House |
| 23:50 | Create | Armored Elephant |
| 23:51 | Create | Armored Elephant |
| 23:51 | Create | Armored Elephant |
Build order — 开局不死农就算成功
First 150 of 205 actions detected
| 0:05 | Create | Villager (Male) |
| 0:05 | Create | Villager (Male) |
| 0:19 | Build | Lumber Camp |
| 0:19 | Create | Villager (Male) |
| 0:29 | Build | Mill |
| 0:29 | Create | Villager (Male) |
| 1:44 | Create | Villager (Male) |
| 2:08 | Create | Villager (Male) |
| 2:37 | Create | Villager (Male) |
| 2:57 | Create | Villager (Male) |
| 2:58 | Create | Villager (Male) |
| 2:59 | Create | Villager (Male) |
| 2:59 | Create | Villager (Male) |
| 3:56 | Build | Farm |
| 4:08 | Create | Villager (Male) |
| 4:37 | Create | Villager (Male) |
| 5:03 | Create | Villager (Male) |
| 5:30 | Research | Feudal Age |
| 5:30 | Research | Feudal Age |
| 5:56 | Build | Mining Camp |
| 6:07 | Build | Farm |
| 6:11 | Build | Farm |
| 6:32 | Build | Farm |
| 7:08 | Create | Villager (Male) |
| 7:28 | Create | Villager (Male) |
| 7:42 | Age | Feudal Age |
| 7:46 | Build | Market |
| 7:49 | Build | Blacksmith |
| 7:53 | Build | House |
| 8:34 | Research | Castle Age |
| 8:35 | Research | Castle Age |
| 8:35 | Research | Castle Age |
| 8:35 | Research | Castle Age |
| 8:59 | Research | Double-Bit Axe |
| 9:03 | Research | Horse Collar |
| 9:27 | Build | Lumber Camp |
| 9:54 | Build | Farm |
| 11:00 | Create | Villager (Male) |
| 11:12 | Create | Villager (Male) |
| 11:14 | Age | Castle Age |
| 11:17 | Research | Bow Saw |
| 11:19 | Research | Heavy Plow |
| 11:32 | Create | Samurai |
| 11:32 | Create | Samurai |
| 11:37 | Create | Villager (Male) |
| 11:44 | Create | Samurai |
| 11:57 | Create | Villager (Male) |
| 12:04 | Create | Villager (Male) |
| 12:11 | Build | Town Center |
| 12:15 | Create | Samurai |
| 12:37 | Build | Farm |
| 12:50 | Build | Lumber Camp |
| 12:52 | Create | Villager (Male) |
| 12:57 | Create | Samurai |
| 12:58 | Create | Samurai |
| 13:02 | Create | Villager (Male) |
| 13:09 | Create | Samurai |
| 13:09 | Create | Samurai |
| 13:18 | Build | Farm |
| 13:20 | Build | Farm |
| 13:23 | Create | Villager (Male) |
| 13:27 | Build | Farm |
| 13:43 | Build | Farm |
| 13:45 | Create | Villager (Male) |
| 13:45 | Create | Villager (Male) |
| 13:46 | Create | Villager (Male) |
| 13:48 | Create | Villager (Male) |
| 13:48 | Research | Loom |
| 13:51 | Build | Farm |
| 14:00 | Build | House |
| 14:02 | Build | House |
| 14:11 | Build | Farm |
| 14:17 | Create | Villager (Male) |
| 14:20 | Create | Villager (Male) |
| 14:22 | Build | Farm |
| 14:23 | Build | Farm |
| 14:35 | Build | Farm |
| 14:37 | Create | Villager (Male) |
| 14:42 | Create | Samurai |
| 14:43 | Create | Samurai |
| 14:43 | Create | Samurai |
| 14:46 | Create | Villager (Male) |
| 14:49 | Research | Loom |
| 14:54 | Build | Outpost |
| 15:04 | Create | Villager (Male) |
| 15:04 | Create | Villager (Male) |
| 15:19 | Build | Outpost |
| 15:19 | Create | Villager (Male) |
| 15:26 | Build | Siege Workshop |
| 15:30 | Build | Siege Workshop |
| 15:31 | Create | Villager (Male) |
| 15:34 | Create | Samurai |
| 15:38 | Build | Farm |
| 15:39 | Create | Villager (Male) |
| 15:43 | Build | Farm |
| 15:46 | Create | Villager (Male) |
| 15:52 | Build | Outpost |
| 15:54 | Create | Villager (Male) |
| 16:04 | Build | Outpost |
| 16:10 | Create | Villager (Male) |
| 16:15 | Create | Battering Ram |
| 16:15 | Create | Battering Ram |
| 16:15 | Create | Battering Ram |
| 16:17 | Create | Villager (Male) |
| 16:20 | Build | House |
| 16:23 | Build | House |
| 16:26 | Create | Villager (Male) |
| 16:32 | Research | Gold Mining |
| 16:33 | Create | Villager (Male) |
| 16:58 | Create | Samurai |
| 16:58 | Create | Samurai |
| 16:58 | Create | Samurai |
| 16:59 | Create | Samurai |
| 17:06 | Research | Scale Mail Armor |
| 17:12 | Build | House |
| 17:12 | Create | Villager (Male) |
| 17:14 | Build | Barracks |
| 17:16 | Create | Villager (Male) |
| 17:16 | Create | Villager (Male) |
| 17:19 | Create | Scorpion |
| 17:19 | Create | Scorpion |
| 17:22 | Create | Villager (Male) |
| 17:32 | Create | Villager (Male) |
| 17:32 | Create | Villager (Male) |
| 17:54 | Create | Villager (Male) |
| 18:02 | Create | Samurai |
| 18:03 | Create | Samurai |
| 18:03 | Create | Samurai |
| 18:27 | Create | Samurai |
| 18:28 | Create | Samurai |
| 18:36 | Build | Mill |
| 18:37 | Build | Farm |
| 18:37 | Build | Farm |
| 18:37 | Build | Farm |
| 18:38 | Build | Farm |
| 18:38 | Build | Farm |
| 18:38 | Build | Farm |
| 18:38 | Build | Farm |
| 18:39 | Build | Farm |
| 18:43 | Create | Villager (Male) |
| 18:44 | Create | Villager (Male) |
| 18:44 | Create | Villager (Male) |
| 18:44 | Create | Villager (Male) |
| 18:56 | Create | Scorpion |
| 19:03 | Build | Farm |
| 19:04 | Create | Villager (Male) |
| 19:17 | Build | Building 796 |
| 19:24 | Build | Building 490 |
| 19:26 | Create | Villager (Male) |
| 19:43 | Build | Stable |
Build order — Monsoon Neutralizer
First 150 of 178 actions detected
| 0:05 | Create | Villager (Male) |
| 0:06 | Create | Villager (Male) |
| 0:15 | Build | Lumber Camp |
| 0:18 | Build | Mill |
| 0:28 | Create | Villager (Male) |
| 0:28 | Create | Villager (Male) |
| 1:27 | Create | Villager (Male) |
| 1:27 | Create | Villager (Male) |
| 1:50 | Create | Villager (Male) |
| 1:50 | Create | Villager (Male) |
| 1:50 | Create | Villager (Male) |
| 2:03 | Build | House |
| 2:15 | Create | Villager (Male) |
| 2:15 | Create | Villager (Male) |
| 2:29 | Create | Villager (Male) |
| 2:30 | Create | Villager (Male) |
| 2:42 | Create | Villager (Male) |
| 2:42 | Create | Villager (Male) |
| 3:18 | Create | Villager (Male) |
| 3:18 | Create | Villager (Male) |
| 4:19 | Create | Villager (Male) |
| 4:19 | Create | Villager (Male) |
| 4:21 | Build | Farm |
| 4:23 | Create | Villager (Male) |
| 4:23 | Create | Villager (Male) |
| 4:28 | Build | House |
| 4:41 | Create | Villager (Male) |
| 4:56 | Build | Mining Camp |
| 5:08 | Create | Villager (Male) |
| 6:00 | Build | Lumber Camp |
| 6:03 | Create | Villager (Male) |
| 6:26 | Build | Farm |
| 6:28 | Build | Farm |
| 6:31 | Research | Feudal Age |
| 6:32 | Research | Feudal Age |
| 6:32 | Research | Feudal Age |
| 7:54 | Build | House |
| 7:55 | Build | House |
| 8:23 | Research | Loom |
| 8:23 | Research | Loom |
| 8:26 | Create | Villager (Male) |
| 8:26 | Research | Loom |
| 8:59 | Age | Feudal Age |
| 9:00 | Build | House |
| 9:08 | Build | Market |
| 9:15 | Research | Double-Bit Axe |
| 9:20 | Create | Villager (Male) |
| 9:26 | Build | Blacksmith |
| 9:58 | Create | Villager (Male) |
| 10:09 | Research | Castle Age |
| 10:38 | Build | House |
| 10:57 | Research | Horse Collar |
| 11:01 | Build | Farm |
| 11:30 | Create | Villager (Male) |
| 11:35 | Build | House |
| 12:12 | Research | Gold Mining |
| 12:15 | Create | Villager (Male) |
| 12:48 | Create | Villager (Male) |
| 12:50 | Build | Farm |
| 12:54 | Age | Castle Age |
| 13:28 | Build | Farm |
| 13:28 | Build | Farm |
| 13:29 | Build | Farm |
| 13:30 | Create | Woad Raider |
| 13:30 | Create | Woad Raider |
| 13:30 | Create | Woad Raider |
| 13:31 | Create | Woad Raider |
| 13:31 | Create | Woad Raider |
| 13:31 | Create | Woad Raider |
| 13:31 | Create | Woad Raider |
| 13:31 | Create | Woad Raider |
| 13:50 | Build | Siege Workshop |
| 13:56 | Build | Siege Workshop |
| 14:03 | Create | Villager (Male) |
| 14:11 | Build | Farm |
| 14:16 | Create | Villager (Male) |
| 14:37 | Create | Battering Ram |
| 14:44 | Create | Battering Ram |
| 14:44 | Create | Battering Ram |
| 14:51 | Create | Woad Raider |
| 14:51 | Create | Woad Raider |
| 14:55 | Create | Villager (Male) |
| 15:00 | Build | Farm |
| 15:10 | Build | House |
| 15:11 | Build | House |
| 15:17 | Create | Battering Ram |
| 15:19 | Create | Battering Ram |
| 15:26 | Create | Villager (Male) |
| 15:26 | Create | Villager (Male) |
| 15:30 | Build | Farm |
| 15:36 | Create | Woad Raider |
| 15:57 | Build | Outpost |
| 16:04 | Research | Town Watch |
| 16:04 | Research | Town Watch |
| 16:18 | Build | Farm |
| 16:20 | Create | Villager (Male) |
| 16:20 | Create | Villager (Male) |
| 16:50 | Create | Woad Raider |
| 16:51 | Create | Woad Raider |
| 16:51 | Create | Woad Raider |
| 16:57 | Research | Scale Mail Armor |
| 17:09 | Build | Outpost |
| 17:17 | Create | Battering Ram |
| 17:21 | Create | Battering Ram |
| 17:38 | Create | Villager (Male) |
| 17:38 | Create | Villager (Male) |
| 17:38 | Create | Villager (Male) |
| 17:42 | Create | Villager (Male) |
| 18:20 | Research | Chain Mail Armor |
| 18:53 | Create | Villager (Male) |
| 18:53 | Create | Villager (Male) |
| 18:58 | Build | Town Center |
| 19:23 | Create | Villager (Male) |
| 19:23 | Create | Villager (Male) |
| 19:59 | Create | Villager (Male) |
| 20:00 | Create | Villager (Male) |
| 20:05 | Build | House |
| 20:05 | Build | House |
| 20:06 | Build | House |
| 20:06 | Build | House |
| 20:06 | Build | House |
| 20:06 | Build | House |
| 20:06 | Build | House |
| 20:06 | Build | House |
| 20:39 | Create | Villager (Male) |
| 20:39 | Create | Villager (Male) |
| 20:39 | Create | Villager (Male) |
| 20:40 | Create | Villager (Male) |
| 20:42 | Build | Farm |
| 20:43 | Build | Farm |
| 20:45 | Build | Mining Camp |
| 20:49 | Research | Stone Mining |
| 21:02 | Create | Villager (Male) |
| 21:04 | Create | Villager (Male) |
| 21:08 | Build | Mill |
| 21:09 | Build | Farm |
| 21:09 | Build | Farm |
| 21:10 | Build | Farm |
| 21:10 | Build | Farm |
| 21:10 | Build | Farm |
| 21:10 | Build | Farm |
| 21:10 | Build | Farm |
| 21:11 | Build | Farm |
| 21:28 | Build | Farm |
| 21:32 | Build | Farm |
| 21:34 | Create | Villager (Male) |
| 21:34 | Create | Villager (Male) |
| 21:34 | Create | Villager (Male) |
| 21:38 | Create | Mangonel |
| 21:45 | Create | Villager (Male) |
Build order — Ciel
97 actions detected in the replay
| 0:15 | Build | House |
| 0:22 | Build | Lumber Camp |
| 0:39 | Create | Villager (Male) |
| 0:40 | Create | Villager (Male) |
| 0:40 | Create | Villager (Male) |
| 0:42 | Create | Villager (Male) |
| 1:25 | Create | Villager (Male) |
| 2:06 | Create | Villager (Male) |
| 2:17 | Build | Mill |
| 2:27 | Research | Loom |
| 2:31 | Create | Villager (Male) |
| 2:35 | Create | Villager (Male) |
| 3:09 | Create | Villager (Male) |
| 3:31 | Create | Villager (Male) |
| 3:44 | Build | Farm |
| 4:25 | Create | Villager (Male) |
| 5:10 | Create | Villager (Male) |
| 5:10 | Create | Villager (Male) |
| 5:12 | Create | Villager (Male) |
| 5:15 | Create | Villager (Male) |
| 5:16 | Create | Villager (Male) |
| 5:28 | Create | Villager (Male) |
| 5:40 | Build | Farm |
| 5:49 | Create | Villager (Male) |
| 6:35 | Build | Farm |
| 6:59 | Build | Mining Camp |
| 7:00 | Create | Villager (Male) |
| 7:06 | Build | Farm |
| 7:06 | Build | Farm |
| 7:19 | Build | Farm |
| 7:30 | Research | Feudal Age |
| 8:09 | Build | Farm |
| 9:43 | Build | Farm |
| 10:45 | Age | Feudal Age |
| 10:48 | Build | Blacksmith |
| 10:53 | Build | Market |
| 10:57 | Create | Villager (Male) |
| 10:58 | Create | Villager (Male) |
| 11:06 | Research | Double-Bit Axe |
| 11:08 | Research | Horse Collar |
| 11:08 | Research | Horse Collar |
| 11:42 | Research | Castle Age |
| 11:45 | Research | Fletching |
| 12:04 | Build | Archery Range |
| 12:08 | Create | Villager (Male) |
| 12:35 | Research | Gold Mining |
| 12:35 | Research | Gold Mining |
| 13:04 | Build | Lumber Camp |
| 13:19 | Create | Villager (Male) |
| 14:11 | Build | Outpost |
| 14:15 | Create | Villager (Male) |
| 14:27 | Age | Castle Age |
| 14:54 | Research | Bow Saw |
| 14:56 | Create | Genoese Crossbowman |
| 15:10 | Create | Genoese Crossbowman |
| 15:10 | Create | Genoese Crossbowman |
| 15:25 | Create | Genoese Crossbowman |
| 15:26 | Create | Genoese Crossbowman |
| 15:35 | Create | Villager (Male) |
| 15:47 | Create | Genoese Crossbowman |
| 15:47 | Create | Genoese Crossbowman |
| 16:33 | Research | Imperial Age |
| 16:33 | Research | Imperial Age |
| 16:36 | Create | Villager (Male) |
| 16:48 | Create | Genoese Crossbowman |
| 16:48 | Create | Genoese Crossbowman |
| 16:48 | Create | Genoese Crossbowman |
| 17:10 | Create | Genoese Crossbowman |
| 17:10 | Create | Genoese Crossbowman |
| 17:11 | Create | Genoese Crossbowman |
| 18:21 | Create | Genoese Crossbowman |
| 18:22 | Create | Genoese Crossbowman |
| 18:22 | Create | Genoese Crossbowman |
| 18:37 | Create | Genoese Crossbowman |
| 18:37 | Create | Genoese Crossbowman |
| 18:37 | Create | Genoese Crossbowman |
| 18:50 | Build | Archery Range |
| 19:03 | Research | Bodkin Arrow |
| 19:08 | Build | House |
| 19:26 | Research | Crossbowman (upgrade) |
| 20:03 | Build | Town Center |
| 20:13 | Create | Archer |
| 20:14 | Create | Archer |
| 20:14 | Create | Archer |
| 20:14 | Create | Archer |
| 21:26 | Build | House |
| 21:41 | Research | Imperial Age |
| 21:41 | Research | Imperial Age |
| 22:04 | Build | House |
| 22:09 | Build | House |
| 22:33 | Create | Villager (Male) |
| 22:33 | Create | Villager (Male) |
| 22:42 | Build | House |
| 23:23 | Build | Town Center |
| 23:45 | Create | Villager (Male) |
| 24:44 | Create | Villager (Male) |
| 24:51 | Age | Imperial Age |
Build order — Milky Loong
First 150 of 224 actions detected
| 0:02 | Create | Villager (Male) |
| 0:03 | Create | Villager (Male) |
| 0:03 | Create | Villager (Male) |
| 0:03 | Create | Villager (Male) |
| 0:05 | Build | Lumber Camp |
| 0:36 | Build | House |
| 1:33 | Create | Villager (Male) |
| 1:40 | Create | Villager (Male) |
| 1:41 | Create | Villager (Male) |
| 1:41 | Create | Villager (Male) |
| 1:48 | Build | Mill |
| 2:40 | Build | Farm |
| 2:41 | Build | Farm |
| 2:46 | Create | Villager (Male) |
| 3:09 | Create | Villager (Male) |
| 3:30 | Create | Villager (Male) |
| 3:50 | Create | Villager (Male) |
| 4:19 | Build | Farm |
| 4:21 | Create | Villager (Male) |
| 4:42 | Create | Villager (Male) |
| 4:58 | Build | Mining Camp |
| 5:04 | Create | Villager (Male) |
| 5:32 | Build | Farm |
| 5:36 | Create | Villager (Male) |
| 5:59 | Create | Villager (Male) |
| 6:17 | Research | Feudal Age |
| 6:17 | Research | Feudal Age |
| 6:49 | Build | Mining Camp |
| 7:00 | Create | Villager (Male) |
| 7:01 | Create | Villager (Male) |
| 7:09 | Build | Mining Camp |
| 7:52 | Build | Farm |
| 8:52 | Age | Feudal Age |
| 8:53 | Build | Stable |
| 8:55 | Build | Blacksmith |
| 9:33 | Research | Double-Bit Axe |
| 9:33 | Research | Double-Bit Axe |
| 9:44 | Research | Castle Age |
| 9:45 | Research | Castle Age |
| 10:38 | Research | Horse Collar |
| 10:39 | Research | Horse Collar |
| 10:51 | Create | Villager (Male) |
| 10:57 | Research | Bloodlines |
| 10:57 | Research | Bloodlines |
| 11:52 | Research | Wheelbarrow |
| 12:24 | Age | Castle Age |
| 12:27 | Build | Town Center |
| 12:29 | Create | Keshik |
| 12:30 | Create | Keshik |
| 12:30 | Create | Keshik |
| 12:51 | Create | Villager (Male) |
| 13:23 | Create | Keshik |
| 13:32 | Create | Villager (Male) |
| 13:36 | Create | Villager (Male) |
| 13:49 | Create | Villager (Male) |
| 13:52 | Create | Villager (Male) |
| 13:52 | Create | Villager (Male) |
| 14:02 | Build | Town Center |
| 14:09 | Build | Farm |
| 14:10 | Create | Villager (Male) |
| 14:14 | Create | Keshik |
| 14:14 | Create | Keshik |
| 14:40 | Create | Villager (Male) |
| 14:45 | Build | Farm |
| 14:46 | Create | Villager (Male) |
| 14:53 | Create | Villager (Male) |
| 14:53 | Create | Villager (Male) |
| 14:58 | Create | Villager (Male) |
| 15:01 | Build | Farm |
| 15:01 | Build | Farm |
| 15:02 | Build | Farm |
| 15:02 | Build | Farm |
| 15:02 | Build | Farm |
| 15:02 | Build | Farm |
| 15:13 | Create | Keshik |
| 15:13 | Create | Keshik |
| 15:18 | Create | Keshik |
| 15:18 | Create | Keshik |
| 15:37 | Create | Villager (Male) |
| 15:51 | Build | Monastery |
| 15:52 | Create | Villager (Male) |
| 15:52 | Create | Villager (Male) |
| 15:53 | Create | Villager (Male) |
| 15:53 | Create | Villager (Male) |
| 15:59 | Create | Villager (Male) |
| 15:59 | Create | Villager (Male) |
| 16:06 | Build | Farm |
| 16:07 | Create | Villager (Male) |
| 16:07 | Create | Villager (Male) |
| 16:17 | Create | Villager (Male) |
| 16:17 | Create | Villager (Male) |
| 16:32 | Build | House |
| 16:33 | Build | House |
| 16:39 | Create | Villager (Male) |
| 16:42 | Build | Farm |
| 16:42 | Build | Farm |
| 16:42 | Build | Farm |
| 16:42 | Build | Farm |
| 16:43 | Build | Farm |
| 16:43 | Build | Farm |
| 16:47 | Create | Villager (Male) |
| 16:47 | Create | Villager (Male) |
| 16:48 | Create | Villager (Male) |
| 17:00 | Build | House |
| 17:06 | Create | Villager (Male) |
| 17:06 | Create | Villager (Male) |
| 17:07 | Create | Villager (Male) |
| 17:14 | Build | Farm |
| 17:29 | Build | Farm |
| 17:30 | Build | Farm |
| 17:30 | Build | Farm |
| 17:30 | Build | Farm |
| 17:30 | Build | Farm |
| 17:31 | Build | Farm |
| 17:38 | Create | Keshik |
| 17:38 | Create | Keshik |
| 17:38 | Create | Keshik |
| 17:39 | Create | Keshik |
| 17:41 | Research | Husbandry |
| 17:42 | Research | Husbandry |
| 18:04 | Create | Villager (Male) |
| 18:11 | Create | Keshik |
| 18:12 | Create | Keshik |
| 18:14 | Create | Villager (Male) |
| 18:24 | Build | Farm |
| 18:24 | Build | Farm |
| 18:25 | Build | Farm |
| 18:25 | Build | Farm |
| 18:25 | Build | Farm |
| 18:27 | Create | Villager (Male) |
| 18:27 | Create | Villager (Male) |
| 18:39 | Create | Villager (Male) |
| 18:43 | Create | Keshik |
| 18:55 | Build | Stable |
| 18:56 | Build | Stable |
| 18:56 | Create | Villager (Male) |
| 18:59 | Create | Villager (Male) |
| 18:59 | Create | Villager (Male) |
| 19:00 | Create | Villager (Male) |
| 19:00 | Create | Villager (Male) |
| 19:03 | Build | Archery Range |
| 19:15 | Create | Keshik |
| 19:16 | Create | Keshik |
| 19:24 | Create | Villager (Male) |
| 19:24 | Create | Villager (Male) |
| 19:28 | Create | Keshik |
| 19:29 | Create | Keshik |
| 19:57 | Create | Villager (Male) |
| 19:57 | Create | Villager (Male) |
| 20:06 | Create | Keshik |
Build order — memecoin enthusiast
142 actions detected in the replay
| 0:02 | Create | Villager (Male) |
| 0:02 | Create | Villager (Male) |
| 0:02 | Create | Villager (Male) |
| 0:02 | Create | Villager (Male) |
| 0:03 | Create | Villager (Male) |
| 0:05 | Build | Lumber Camp |
| 1:28 | Create | Villager (Male) |
| 1:28 | Create | Villager (Male) |
| 1:28 | Create | Villager (Male) |
| 2:11 | Build | Mill |
| 2:16 | Create | Villager (Male) |
| 2:17 | Create | Villager (Male) |
| 2:18 | Create | Villager (Male) |
| 2:19 | Create | Villager (Male) |
| 2:36 | Create | Villager (Male) |
| 2:44 | Build | Farm |
| 2:46 | Build | Farm |
| 2:48 | Build | Farm |
| 3:05 | Create | Villager (Male) |
| 3:38 | Create | Villager (Male) |
| 4:15 | Build | Farm |
| 4:20 | Build | Farm |
| 4:21 | Build | Farm |
| 4:33 | Create | Villager (Male) |
| 4:33 | Create | Villager (Male) |
| 4:34 | Create | Villager (Male) |
| 5:56 | Build | Mining Camp |
| 6:03 | Research | Feudal Age |
| 6:38 | Create | Villager (Male) |
| 6:38 | Create | Villager (Male) |
| 8:27 | Age | Feudal Age |
| 8:31 | Build | Stable |
| 8:33 | Build | Blacksmith |
| 9:07 | Build | Mining Camp |
| 9:11 | Build | Mining Camp |
| 9:15 | Create | Villager (Male) |
| 9:25 | Research | Castle Age |
| 9:25 | Research | Castle Age |
| 9:27 | Research | Double-Bit Axe |
| 9:27 | Research | Double-Bit Axe |
| 9:31 | Research | Horse Collar |
| 10:23 | Research | Padded Archer Armor |
| 10:26 | Research | Fletching |
| 10:26 | Research | Fletching |
| 11:10 | Research | Bloodlines |
| 11:10 | Research | Bloodlines |
| 11:10 | Research | Bloodlines |
| 12:22 | Age | Castle Age |
| 12:23 | Create | Mangudai |
| 12:25 | Create | Villager (Male) |
| 12:34 | Build | Castle |
| 12:41 | Build | Lumber Camp |
| 12:46 | Create | Villager (Male) |
| 12:50 | Create | Mangudai |
| 12:53 | Research | Husbandry |
| 12:53 | Research | Husbandry |
| 13:01 | Create | Villager (Male) |
| 13:16 | Create | Mangudai |
| 13:25 | Build | University |
| 13:47 | Create | Mangudai |
| 14:06 | Research | Gold Mining |
| 14:08 | Create | Mangudai |
| 14:08 | Create | Mangudai |
| 14:22 | Build | Archery Range |
| 14:29 | Create | Villager (Male) |
| 14:29 | Create | Villager (Male) |
| 14:29 | Create | Villager (Male) |
| 14:36 | Create | Mangudai |
| 14:36 | Create | Mangudai |
| 14:42 | Create | Mangudai |
| 15:32 | Create | Mangudai |
| 15:32 | Create | Mangudai |
| 15:32 | Create | Mangudai |
| 15:57 | Research | Bodkin Arrow |
| 15:57 | Research | Bodkin Arrow |
| 16:38 | Research | Gold Mining |
| 16:40 | Create | Mangudai |
| 16:41 | Create | Mangudai |
| 16:41 | Create | Mangudai |
| 17:08 | Create | Mangudai |
| 17:09 | Create | Mangudai |
| 17:09 | Create | Mangudai |
| 17:26 | Create | Mangudai |
| 17:56 | Create | Mangudai |
| 17:56 | Create | Mangudai |
| 17:57 | Create | Mangudai |
| 18:10 | Create | Mangudai |
| 18:10 | Create | Mangudai |
| 18:26 | Create | Mangudai |
| 18:26 | Create | Mangudai |
| 18:31 | Create | Mangudai |
| 18:32 | Create | Mangudai |
| 19:06 | Research | Ballistics |
| 19:06 | Research | Ballistics |
| 19:26 | Create | Mangudai |
| 19:26 | Create | Mangudai |
| 19:27 | Create | Mangudai |
| 19:32 | Create | Villager (Male) |
| 19:40 | Create | Mangudai |
| 19:45 | Create | Villager (Male) |
| 19:46 | Create | Villager (Male) |
| 20:02 | Create | Mangudai |
| 20:02 | Create | Mangudai |
| 20:05 | Create | Mangudai |
| 20:30 | Create | Mangudai |
| 20:30 | Create | Mangudai |
| 20:37 | Create | Villager (Male) |
| 20:39 | Create | Mangudai |
| 20:40 | Create | Mangudai |
| 20:48 | Create | Mangudai |
| 20:48 | Create | Mangudai |
| 21:04 | Build | House |
| 21:04 | Build | House |
| 21:13 | Create | Mangudai |
| 21:30 | Create | Mangudai |
| 21:30 | Create | Mangudai |
| 22:12 | Create | Mangudai |
| 22:14 | Create | Mangudai |
| 22:14 | Create | Mangudai |
| 22:15 | Create | Mangudai |
| 22:16 | Create | Villager (Male) |
| 22:20 | Create | Mangudai |
| 22:21 | Create | Mangudai |
| 22:41 | Create | Mangudai |
| 22:41 | Create | Mangudai |
| 23:14 | Create | Villager (Male) |
| 23:23 | Research | Thumb Ring |
| 23:23 | Research | Thumb Ring |
| 23:27 | Create | Mangudai |
| 23:27 | Create | Mangudai |
| 23:51 | Create | Mangudai |
| 23:52 | Create | Mangudai |
| 23:52 | Create | Mangudai |
| 23:53 | Create | Villager (Male) |
| 23:54 | Create | Villager (Male) |
| 23:58 | Create | Mangudai |
| 23:59 | Create | Mangudai |
| 24:09 | Create | Mangudai |
| 24:09 | Create | Mangudai |
| 24:33 | Create | Mangudai |
| 24:33 | Create | Mangudai |
| 24:34 | Create | Villager (Male) |
Match timeline
| 7:41 | Twidboy · age_up feudal |
| 7:42 | 开局不死农就算成功 · age_up feudal |
| 8:26 | Milky Loong · age_up feudal |
| 8:27 | memecoin enthusiast · age_up feudal |
| 8:31 | memecoin enthusiast · first_building Stable |
| 8:35 | Mceffe · age_up feudal |
| 8:52 | Milky Loong · age_up feudal |
| 8:53 | Milky Loong · first_building Stable |
| 8:59 | Monsoon Neutralizer · age_up feudal |
| 10:45 | Ciel · age_up feudal |
| 10:55 | Mceffe · first_building Stable |
| 11:12 | Milky Loong · age_up castle |
| 11:14 | 开局不死农就算成功 · age_up castle |
| 11:17 | Mceffe · first_market_buy 100 food |
| 11:23 | Twidboy · age_up castle |
| 11:25 | Twidboy · first_building Monastery |
| 11:38 | Twidboy · first_building Siege Workshop |
| 12:04 | Ciel · first_building Archery Range |
| 12:22 | memecoin enthusiast · age_up castle |
| 12:24 | Milky Loong · age_up castle |
| 12:30 | Mceffe · age_up castle |
| 12:34 | memecoin enthusiast · first_building Castle |
| 12:54 | Monsoon Neutralizer · age_up castle |
| 13:50 | Monsoon Neutralizer · first_building Siege Workshop |
| 14:22 | memecoin enthusiast · first_building Archery Range |
| 14:27 | Ciel · age_up castle |
| 15:26 | 开局不死农就算成功 · first_building Siege Workshop |
| 15:32 | Ciel · first_market_sell 100 food |
| 15:32 | Ciel · first_market_buy 100 wood |
| 15:51 | Milky Loong · first_building Monastery |
| 16:49 | Monsoon Neutralizer · first_market_buy 100 food |
| 17:14 | 开局不死农就算成功 · first_building Barracks |
| 17:34 | Milky Loong · first_building Stable |
| 18:43 | 开局不死农就算成功 · first_market_buy 100 food |
| 19:03 | Milky Loong · first_building Archery Range |
| 19:43 | 开局不死农就算成功 · first_building Stable |
| 21:10 | 开局不死农就算成功 · first_building Archery Range |
| 21:34 | Twidboy · first_building Stable |
| 22:18 | Milky Loong · first_building Monastery |
| 24:01 | Milky Loong · first_building Castle |
| 24:37 | 开局不死农就算成功 · resign |
| 24:51 | Ciel · age_up imperial |
[ AI ANALYSIS · 1 CREDIT ]
What really happened in this match?
Wolo.gg analyzes every decision: build order, eco, micro, common mistakes by bracket. Personalized analysis on WhatsApp or Discord in 30 seconds.
Civ guide
Spanish
Map guide
Fortress
Perfil
What's bro yappin about?